 Dungeon Crawl Stone Soup version 0.30-a0-222-ge547ba4400 (webtiles) character file.

Game seed: 10876847750183040925

3 Decritt the Conjurer (level 1, -2/14 HPs)
             Began as a Draconian Conjurer on Oct 9, 2022.
             Slain by a gnoll
             ... wielding a +0 spear
              (7 damage)
             ... on level 1 of the Dungeon.
             The game lasted 00:01:11 (43 turns).

Decritt the Conjurer (Draconian Conjurer)             Turns: 43, Time: 00:01:11

Health: -2/14      AC:  4    Str:  9    XL:     1   Next: 41%
Magic:  0/3        EV: 16    Int: 18    God:
Gold:   0          SH:  0    Dex:  9    Spells: 3/4 levels left

rFire   . . .      SeeInvis .    (no weapon)
rCold   . . .      Faith    .    (no shield)
rNeg    . . .      Spirit   .    (body armour unavailable)
rPois   .          Reflect  .    (helmet restricted)
rElec   .          Harm     .    (no cloak)
rCorr   .          Rampage  .    (no gloves)
Will    .....                    (no boots)
Stlth   ++........               (no amulet)
HPRegen 0.22/turn                c - +4 ring of evasion
MPRegen 0.08/turn                (no ring)

@: brilliant
A: AC +4, unfitting armour, cold-blooded
a: no special abilities


You were on level 1 of the Dungeon.
You visited 1 branch of the dungeon, and saw 1 of its levels.

Inventory:

Jewellery
 c - a +4 ring of evasion (left hand)


   Skills:
 + Level 0.2 Fighting
 + Level 1.8 Dodging
 - Level 1.7 Stealth
 + Level 2.0 Spellcasting
 + Level 4.0 Conjurations


You had 3 spell levels left.
You knew the following spells:

 Your Spells              Type           Power      Damage    Failure   Level
a - Magic Dart            Conj           96%        1d7       3%          1

Your spell library contained the following spells:

 Spells                   Type           Power      Damage    Failure   Level
 Searing Ray              Conj           48%        2d6       5%          2
 Dazzling Flash           Conj/Hex       26%        N/A       24%         3
 Fulminant Prism          Conj/Hex       6%         3d7       61%         4
 Iskenderun's Mystic Bla  Conj/Tloc      13%        2d5       61%         4


Dungeon Overview and Level Annotations

Branches:
Dungeon (1/15)

Altars:


Innate Abilities, Weirdness & Mutations

Your plain brown scales are hard. (AC +4)
You cannot fit into any form of body armour.
You are cold-blooded and may be slowed by cold attacks.


Message History

Aim: a bat (moderately wounded, 100% to hit)
You feel a surge of power!
The magic dart hits the bat but does no damage.
The bat is moderately wounded.
The bat barely misses you. The endoplasm barely misses you.
The bat barely misses you. Magic courses through your body.
The bat barely misses you. The endoplasm barely misses you.
The bat closely misses you.
Casting: Magic Dart (safe; 3% risk of failure)
Confirm with . or Enter, or press ? or * to list all spells.
Aiming: Magic Dart (safe; 3% risk of failure)
Press: ? - help, Shift-Dir - straight line, f/p - bat
Aim: a bat (moderately wounded, 100% to hit)
You feel a surge of power!
The magic dart hits the bat.
You kill the bat!
The endoplasm closely misses you.
Casting: Magic Dart (safe; 3% risk of failure)
Confirm with . or Enter, or press ? or * to list all spells.
Aiming: Magic Dart (safe; 3% risk of failure)
Press: ? - help, Shift-Dir - straight line, f - endoplasm
Aim: an endoplasm (100% to hit)
You feel a surge of power!
The magic dart hits the endoplasm but does no damage.
The endoplasm freezes you.
You are frozen.
* * * LOW HITPOINT WARNING * * *
Casting: Magic Dart (safe; 3% risk of failure)
Confirm with . or Enter, or press ? or * to list all spells.
Aiming: Magic Dart (safe; 3% risk of failure)
Press: ? - help, Shift-Dir - straight line, f/p - endoplasm
Aim: an endoplasm (100% to hit)
You feel a surge of power!
The magic dart hits the endoplasm.
You kill the endoplasm!
The frilled lizard barely misses you. The gnoll misses you.
The frilled lizard closely misses you. The gnoll closely misses you.
The frilled lizard bites you but does no damage.
The gnoll barely misses you.
The gnoll hits you from afar with a +0 spear!
Ouch! That really hurt!
You die...

##### #...# #
#.#<###########
#.##.####.........
#...(...#.#.......
#+##J.Kl....###.##
#...r...gg..#J..#)
#.##.###..r.#w..#.
# #.#@#....###...
#gl†#...$.....#
########.#..#..
.#..#.$ .####.#
(...... .....


You could see a gnoll and a frilled lizard.

Vanquished Creatures
  An endoplasm (D:1)
  A quokka (D:1)
  A bat (D:1)
3 creatures vanquished.

Notes
Turn   | Place    | Note
-------+----------+-------------------------------------------
     0 | D:1      | Decritt the Draconian Conjurer began the quest for the Orb.
     0 | D:1      | Reached XP level 1. HP: 14/14 MP: 3/3
    43 | D:1      | Slain by a gnoll

Illustrated notes

Levels and vault maps discovered:
D:1:      onia_arrival_mini_spirals, layout_basic, basic_ecumenical_altar,
          minmay_octomino_c4

Action                   || total
-------------------------++-------
Melee: Unarmed           ||     4
       Tailslap          ||     1
 Cast: Magic Dart        ||     6
  Use: Potion            ||     2
       Scroll            ||     1
Armor: Skin              ||     8
Dodge: Dodged            ||    36

Table legend: (Time is in decaauts)
 A = Elapsed time spent in this place.
 B = Non-inter-level travel time spent in this place.
 C = Inter-level travel time spent in this place.
 D = Time resting spent in this place.
 E = Time spent auto-exploring this place.
 F = Levels seen in this place.
 G = Mean time per level.
                   A        B        C        D        E       F      G
               +--------+--------+--------+--------+--------+-----+--------+
         Total |     42 |     42 |      0 |      0 |      4 |   1 |   42.0 |
       Dungeon |     42 |     42 |      0 |      0 |      4 |   1 |   42.0 |
               +--------+--------+--------+--------+--------+-----+--------+

Top non-repeatable levels by time:
     D:1: 42 daAuts
